[Event "44th Chess Olympiad Open 2022"]
[Site "Chennai"]
[Date "2022.08.03"]
[Round "6.35"]
[White "Karimov, Alisher"]
[Black "Henderson de La Fuente, Lance"]
[Result "0-1"]
[WhiteElo "2234"]
[BlackElo "2490"]
[Annotator "TA"]
[PlyCount "76"]
[EventDate "2022.??.??"]
[TimeControl "60"]

1. d4 d5 2. c4 e6 3. Nc3 c6 4. e3 Nf6 5. Nf3 Nbd7 6. Be2 dxc4 7. a4 {[%emt 0:00:08] outshines the older 7.Bxc4.} Bb4 8. Bxc4 {[%emt 0:00:25] D45: Semi-Slav: 5 e3.} O-O 9. O-O b6 10. Qe2 {[%emt 0:02:17] The
position is equal.} c5 {[%emt 0:06:45] [#]} 11. Na2 $146 ({
Predecessor:} 11. d5 exd5 12. Nxd5 Bb7 13. Nxb4 cxb4 14. Bd2 Bxf3 15. gxf3 Qe7
16. f4 Ne4 17. Be1 {½-½ (26) Kullberg,M (2148)-Meissner,R (2272) ICCF email
2021}) 11... Bb7 12. Ne5 a5 (12... Ba5 $11 {deserves consideration.}) 13. Nxb4 cxb4 14. Bb5 Nxe5 15. dxe5 Ne4 16. Qg4 (16. f3 $15 Nc5
17. e4) 16... Qc7 $17 17. f3 Nc5 18. Qg3 $2 (18. e4 $17) 18... Nb3 $19 19. Rb1 {[%emt 0:00:08] [#]} Qc5 $2 (19... Qc2 20. e4 $1 Qc5+
21. Kh1 Nxc1 22. Rfxc1 $11 (22. Rbxc1 Qd4 $11)) (19... Be4 $1 20. fxe4 Qc2) 20.
Qf2 Qxe5 {[%emt 0:04:19] Black is more active.} (20... Bc6
$142 $1 21. Bxc6 Qxc6) 21. e4 $17 Nc5 (21...
Nxc1 $6 22. Rfxc1 Ba6 23. Qxb6 Bxb5 24. axb5 $11) 22. Be3 Rac8 23. Rbc1 Rfd8 24. Rfd1 {
[%emt 0:01:07] White is on the road to losing.} Rxd1+ 25. Rxd1 h6 26. Qg3 Qxg3 (26... Qxb2 $2 27. Bd4 Qxd4+ 28. Rxd4 $18) 27. hxg3 Bc6
$1 28. Rd6 (28. Bxc5 $17 {is a better
defense.} bxc5 29. Bc4) 28... Bxb5 $19 29. axb5 {[%emt 0:00:
00] Endgame KRB-KRN} a4 {[%emt 0:08:46] Threatens to win with ...b3.} 30. Rxb6
$2 (30. Kf1) 30... a3 31. bxa3 {[%emt 0:00:
35] [#] Strongly threatening Rc6.} (31. Bxc5 $2 axb2 32. Rc6 b1=Q+ $19) 31...
b3 $1 (31... bxa3 32. Bxc5 Rxc5 33. Ra6 $11)
32. Rd6 (32. Bc1 {is the only way for White.} Kf8 33. a4 (33.
Rc6 $2 Rxc6 34. bxc6 Ke7 $19) 33... Nxa4 34. Ba3+ (34. Rc6 $2 Rxc6 35. bxc6 Ke7
$19) 34... Ke8 35. Rd6 (35. Rc6 $2 Rxc6 36. bxc6 Kd8 $19)) 32... b2 {[%emt 0:
00:14] Black is clearly winning.} 33. Rd1 {[%emt 0:00:06] [#]} Na4 {[%emt 0:00:
32] White must now prevent ...Nc3.} 34. Rb1 Rc3 35. Kf2 Rc2+ {[%emt 0:00:32] Skewer} ({
Don't blunder} 35... Rb3 $2 36. Bd4 $19) 36. Ke1 Nc3 37. b6 Nxb1 38. b7 Nc3 {[%emt 0:00:19] Weighted Error Value: White=0.54/Black=0.14 (very precise)}
0-1

[Event "44th Chess Olympiad Open 2022"]
[Site "Chennai"]
[Date "2022.08.03"]
[Round "6.35"]
[White "Ribera Veganzones, Josep Maria"]
[Black "Ilkhomi, Jaloliddin"]
[Result "1/2-1/2"]
[WhiteElo "2228"]
[BlackElo "2076"]
[Annotator "NA RC"]
[PlyCount "60"]
[EventDate "2022.??.??"]
[TimeControl "60"]

1. e4 e6 2. d4 d5 3. Nd2 Nf6 4. e5 Nfd7 5. Bd3 c5 6. c3 b6 7. Nh3 Ba6 8. Bxa6 Nxa6 9. Nf3 cxd4 10. cxd4 Bb4+ 11. Bd2 O-O 12. O-O Bxd2 13. Qxd2 Qe7 14. a3 Rfc8 15. Qd3 Nab8 16. Rfc1 Nc6 17. b4 Nf8 18. Rc3 Qd7 19. Rac1 Ne7 20. Nf4 Rxc3 21. Rxc3 Rc8 22. h4 Rxc3 23. Qxc3 Qc6 24. Ne2 Qxc3 25. Nxc3 a6 26. b5 axb5 27. Nxb5 Nc6 28. Kf1 f6 29. exf6 gxf6 30. Ke2 h5 1/2-1/2

[Event "44th Chess Olympiad Open 2022"]
[Site "Chennai"]
[Date "2022.08.03"]
[Round "6.35"]
[White "Sharifov, Mekhriddin"]
[Black "De La Riva Aguado, Oscar"]
[Result "0-1"]
[WhiteElo "2097"]
[BlackElo "2424"]
[Annotator "TA"]
[PlyCount "62"]
[EventDate "2022.??.??"]
[TimeControl "60"]

1. e4 c5 2. Nf3 Nc6 3. d4 cxd4 4. Nxd4 e6 5. Nc3 Qc7 6. Be3 a6 7. Qd2 {[%emt 0:00:09] 7.g4 deserves study.} Nf6 8. f3 Be7 {[%emt 0:03:36] B48: Sicilian:
Taimanov: 5 Nc3 Qc7 6 Be3 a6 without Be2.} 9. O-O-O b5 10. g4 {[%emt 0:03:55] 10.Kb1 is vanishing.}
Nxd4 {[%emt 0:04:45] The position is equal.} 11. Bxd4 Bb7 12. Kb1 O-O 13. Bd3 b4 {[%emt 0:13:37] White must now prevent ...e5.} 14. Ne2 e5 15. Bf2 d5 $36 {[%emt 0:00:00][%cal
Rd5e4] Black is pushing.} 16. Ng3 dxe4 $1 {[%emt 0:09:32] [#]}
17. fxe4 $146 {[%emt 0:34:00] Black keeps a firm grip on the game.} ({
Predecessor:} 17. Nxe4 Nd5 18. Bg3 a5 19. h4 a4 20. g5 Rfd8 21. Rhe1 Rac8 22.
Qc1 a3 23. b3 {0-1 (47) Wilson,A (2051)-Jacobs,C (2193) ICCF email 2017}) 17...
Nxg4 18. h4 Nxf2 {[%emt 0:00:00] Black is
more active.} 19. Qxf2 Kh8 20. Qe2 Rac8 21. Rdf1 {[%emt 0:02:31] [#]} a5 $1 22. Qg4 (22. Bb5 $17) 22... Rcd8 ({And not} 22... g6 23. h5 g5 24. b3 $17) 23. h5 {[%emt 0:01:
53] [#]} (23. Nf5 {was necessary.} g6 24. Nxe7 Qxe7 25. Rhg1) 23... h6 $1 $19 24. Rh2 (24. Qe2 $142) 24... Bg5 25. Nf5 a4 26. Rhf2 Bc8
{[%emt 0:00:53] Threatens to win with ...a3. This bishop pair is nice.} 27. Qe2 Be6 {[%emt 0:00:19] And now ... a3 would win.} 28. Ne3 Qc5 {[%emt 0:02:01] Inhibits Nd5.} 29. Nd5 a3
{[%emt 0:02:00] aiming for ...f5.} 30. Bc4 Qd4 31. c3 bxc3 {[%emt 0:00:05] Weighted
Error Value: White=0.38/Black=0.12 (very precise)} 0-1

[Event "44th Chess Olympiad Open 2022"]
[Site "Chennai"]
[Date "2022.08.03"]
[Round "6.36"]
[White "Murphy, Conor E"]
[Black "Lee, Jun Hyeok"]
[Result "1-0"]
[WhiteElo "2404"]
[BlackElo "2390"]
[Annotator "TA"]
[PlyCount "55"]
[EventDate "2022.??.??"]
[TimeControl "60"]

1. e4 c5 2. Nf3 e6 3. d4 cxd4 4. Nxd4 a6 5. c4 Nf6 6. Nc3 d6 7. Be2 Be7 8. Be3 b6 9. O-O Bb7 10. f3 O-O 11. Rc1 {[%emt 0:01:38] A31:
Symmetrical English: 2 Nf3 Nf6 3 d4.} Nbd7 12. a3 Qc7 13. b4 {[%emt 0:01:40] White is slightly better.}
Rac8 14. Qd2 Qb8 15. Kh1 Rfe8 16. Rc2 h5 17. Bf2 {[%emt 0:06:18] [#]} Bf8 $146 ({Predecessor:} 
17... h4 18. h3 Nh5 19. f4 Ng3+ 20. Bxg3 hxg3 21. f5 Bf6 22. Bh5 e5 23. Nde2
Bh4 {1-0 (68) Shabalov,A (2623)-Macieja,B (2653) Bermuda 2004}) 18. Rb1 Qa8 19. Na4 $36 {[%emt 0:09:28] White has the
initiative.} d5 {[%emt 0:09:06] [#]} ({Black should play} 19... Be7 $14) 20.
exd5 $1 $16 {[%emt 0:03:43] White is more active.} exd5 {[%emt 0:00:00] [#]}
21. c5 bxc5 22. bxc5 Bxc5 23. Nxc5 Nxc5 (23... Rxc5 $16
{was worth a try.} 24. Rcb2 Bc6) 24. Nf5 Nce4 (24... Ne6 25. Rcb2 Bc6) 25. fxe4 $18 Nxe4 {[%emt 0:00:05] [#]
} 26. Qd4 Nxf2+ (26...
f6 27. Rcb2) 27. Kg1 f6 28. Rcb2 {[%emt 0:01:53] Weighted Error Value: White=0.03 (flawless) /Black=0.
30} 1-0

[Event "44th Chess Olympiad Open 2022"]
[Site "Chennai"]
[Date "2022.08.03"]
[Round "6.36"]
[White "Kanyamarala, Tarun"]
[Black "Ahn, Hongjin"]
[Result "1-0"]
[WhiteElo "2379"]
[BlackElo "2303"]
[Annotator "TA"]
[PlyCount "115"]
[EventDate "2022.??.??"]
[TimeControl "60"]

1. d4 d5 2. c4 e6 3. Nf3 a6 4. g3 dxc4 5. Bg2 b5 6. Ne5 c6 7. O-O Nf6 8. b3 cxb3 9. Nxc6 Qb6 {[%emt 0:00:00] [#]}
10. Na5 {[%emt 0:00:39] E04: Open Catalan: 5 Nf3.} Ra7 ({
Don't do} 10... Qxa5 11. Bxa8 bxa2 12. Qc2 $16) 11. Nxb3 Rd7 12. e4 {[%emt 0:02:28] White is slightly better.} Be7 13. Be3 O-O 14. N1d2 {[%emt 0:03:03]
[#]} Ba3 $146 ({Predecessor:} 14... Qd8 15. a4 bxa4 16. Rxa4
Bb7 17. Na5 Bc6 18. Nxc6 Nxc6 19. Nb3 Qb6 20. Ra1 Qb5 {½-½ (42) Razuvaev,Y 
(2520)-Gurevich,M (2435) Riga 1985}) 15. Qe2 Qd8 16. Nb1 Bb4 17. a3 Be7 18. a4 Rb7 19. axb5 Rxb5 20. N1d2 $36 {[%emt 0:00:19] Black is
under strong pressure.} Bb7 21. Rfb1 Nc6 (21... Bc6 $14) 22. Nc4 Bb4 (
{Black should play} 22... h5) 23. Na3 $16 Bxa3 24. Rxa3 Ne7 25. Bd2 (25.
f3 $18 {has better winning chances.}) 25... Qb6 (25... Nc6
$142) 26. Ba5 Qc6 27. Re1 Qd7 28. Bc3 {[%emt 0:01:55] This bishop pair
is nice.} Nc6 29. Rea1 Rc8 30. Qe1 Qe7 31. Qd2 Rd8 (31... Ne8 $142) 32. f3 h5 33. Bf1 Rb6 (33... Ne5 $16 34. Qd1 (34. dxe5
Rxd2 35. exf6 Qd6 $16) 34... Nxf3+ 35. Qxf3 Rf5) 34. Qf2 $18 (
34. Bxa6 Bxa6 35. Rxa6 Ne5 36. dxe5 Rxd2 37. exf6 {[#]} (37. Rxb6 Nd7 $17)
37... Qc7 $1 38. Bxd2 Rxb3 $17) 34... Qc7 35. Na5 {[%emt 0:00:
52] Threatens to win with Nxc6.} Nb4 (35... Rd7 36. Nc4 Rb5)
36. Qd2 Qe7 37. Rb3 Ba8 (37... Nbd5 $142 38. exd5 Rxb3 39. Nxb3 Bxd5) 38. Bxb4 Qc7 39. Bc5 Rxb3 40. Nxb3 h4 41. Qa5 Qd7 42. Bxa6 {[%emt 0:00:00] Black must now prevent Bb5.} hxg3 43. hxg3 {[%emt 0:00:00] Bb5 is the strong threat.} Rb8 44. Bc4 Kh7 45. Qa7 Qe8 46. Qe7 Qg8 47.
Ra7 Kg6 48. Qc7 Nh7 49. Nd2 Ng5 50. f4 Nxe4 51. Bd3 {[%emt 0:00:00] White mates.} f5 52. Nxe4 Bxe4 {[%emt 0:00:00] [#]} 53. Qe7 $1 Bf3 (53... Rb7 54. Rxb7) 54. Qg5+ Kh7 55. Qh4+ Kg6 56.
g4 Rb7 57. Qh5+ Kf6 58. g5# {[%emt 0:00:14] Weighted Error Value:
White=0.22 (precise) /Black=0.38} 1-0

[Event "44th Chess Olympiad Open 2022"]
[Site "Chennai"]
[Date "2022.08.03"]
[Round "6.36"]
[White "Kwon, Sehyun"]
[Black "O`Gorman, Tom"]
[Result "1-0"]
[WhiteElo "2225"]
[BlackElo "2401"]
[Annotator "TA"]
[PlyCount "97"]
[EventDate "2022.??.??"]
[TimeControl "60"]

1. e4 c5 2. Nc3 d6 3. d4 cxd4 4. Qxd4 Nc6 5. Qd2 g6 6. b3 {[%emt 0:00:17] B23: Closed Sicilian: Lines
without g3.} Bh6 7. f4 f5 8.
Bb2 {[%emt 0:00:59] The position is equal.} Nf6 9. O-O-O Rf8 10. exf5 Bxf5 11. g3 Qa5 $1 12. Nf3 O-O-O $1 {[%emt 0:03:30] [#]} 13. Bd3 $146 ({Predecessor:} 
13. Kb1 e5 14. a3 exf4 15. Nd4 Nxd4 16. Qxd4 f3 17. Nb5 Kb8 18. Nxd6 Qc7 19.
Bc4 {0-1 (38) Xu,X (2582)-Sasikiran,K (2656) Moscow 2019}) 13... Bg4 14. Be2 e5 15. Kb1 d5 16. Ng5 {[%emt 0:04:03] [#]} (16. Qe1 $11
exf4 17. h3 Bxf3 18. Bxf3) 16... Bxe2 ({Black should try} 
16... Bf5 $1 $17 17. Rhe1 d4) 17. Qxe2 $15 {[%emt 0:01:22] Hoping for Ne6.} d4 18. Nce4 Nxe4 19. Qg4+ Kb8 20. Nxe4 exf4 {[%emt 0:
02:16] ...f3 is the strong threat.} (20... Nb4 21. a3 Nd5 22. Qh3 $16 (22. fxe5
$2 Ne3 $17)) 21. Qh4 Qh5 (21... Bg7 $17 {
[%cal Yd4d3] And now ...d3! would win.} 22. Nf2 (22. Qxh7 d3 $17) 22... Nb4)
22. Qxh5 $11 gxh5 23. Bc1 Rde8 24. Nc5 {[%emt 0:01:12] Black must now prevent Nd7+.} Rg8
$2 {[%emt 0:10:29] [#] This move loses the game for Black.} (24... Kc8 $11 {
and Black has nothing to worry.}) 25. Nd7+ $1 $18 Kc8 26. Nf6 h4 27. Nxg8 ({Weaker is} 27. Nxe8 Rxe8 28. Rhf1 (28. gxh4 Kd7 $18) 28... Re2 29.
Bxf4 Bg7 $18) 27... Rxg8 28. Bxf4 Bxf4 29. gxf4 {[%emt 0:00:03] Endgame KRR-KRN} Rg2 30. Rhg1 Rf2 31. Rgf1 Rxh2 32. Rh1 Rf2 33. Rxh4 h5 34. a3 Kc7 35. Kc1 Kb6 36. Rd2 Rf1+ 37. Kb2 Rf3 38. Rg2 Ka6 (38... a5 {keeps fighting.} 39. Rxh5 Rxf4) 39. Rg5 Rf2 40. Rd5 Kb6 41. Rd7 Ka6 (41... a6 $142 42. Rxh5 a5)
42. b4 Kb6 43. Rxh5 Rxf4 44. Rhh7 Ne5 45. Rxb7+ Kc6 46. Rxa7 {[%emt 0:01:16] Rh6+ would kill
now.} Rf3 47. Ra6+ Kd5 48.
Ra5+ Ke4 49. Re7 {[%emt 0:00:14] Weighted
Error Value: White=0.16 (very precise) /Black=0.60} 1-0

[Event "44th Chess Olympiad Open 2022"]
[Site "Chennai"]
[Date "2022.08.03"]
[Round "6.36"]
[White "Kim, Changhoon"]
[Black "Heidenfeld, Mark"]
[Result "0-1"]
[WhiteElo "1827"]
[BlackElo "2355"]
[Annotator "TA"]
[PlyCount "136"]
[EventDate "2022.??.??"]
[TimeControl "60"]

1. Nf3 Nf6 2. c4 d6 3. d4 g6 4. g3 Bg7 5. Bg2 O-O 6.
O-O c6 7. Nc3 Qa5 8. e4 Qh5 9. e5 dxe5 10. Nxe5 Qxd1 11. Rxd1 ({Much weaker is} 11. Nxd1 Rd8 $11) 11... Rd8 {[%emt 0:00:31] 
[#] E62: King's Indian: Fianchetto: 6...c6 and Panno Variation (6...Nc6)
without ...a6.} 12. Bf4 $146 ({Predecessor:} 12. h3 Nfd7 13.
Nf3 a5 14. b3 Na6 15. Be3 Nf8 16. Rac1 Bd7 17. Na4 Nc7 18. Nb6 Ra6 19. d5 cxd5
20. cxd5 {1-0 (40) Sebenik,M (2526)-Zozulia,A (2347) Lienz 2011}) 12... Nbd7 13. Rac1 Nh5 {[%emt 0:09:20] The position is
equal.} 14. Be3 (14. Nxc6 $5 bxc6 15. Bc7 $11) 14... Nxe5 15. dxe5 Be6 16. f4 f6 17. exf6 (17. f5 {feels hotter.}
Bxf5 18. Bf3 fxe5 19. g4) 17... Rxd1+ 18. Nxd1 Bxf6 19. b3 Ng7 20. Nc3 Nf5 21. Bf2 Bxc3 22. Rxc3 Rd8 23. Be3 Rd1+ 24. Kf2 Kf7 25. Rc2 Nxe3 26. Kxe3 $11 {[%emt 0:00:07] Endgame
KRB-KRB} Bf5 27. Rd2 Re1+ 28. Kd4 h5 29. Bf3 Kf6 30. c5 Rf1 31. Bg2 Ra1 32. Bf3 a5 33.
Bg2 g5 34. fxg5+ Kxg5 35. Bf3 Rf1 36. Ke3 Rc1 37. Kd4 {[%emt 0:00:30] Against Rc3} Bg6 38. Rf2 Bb1 39. h4+ Kg6 40. Rb2 {[%emt 0:03:18][%cal Yb2b1] [#] Hoping for Rxb1!}
Rf1 41. Ke3 {[%emt 0:31:07][%cal Yb2b1] Threatens to win with
Rxb1!} Bf5 42. Rf2 Re1+ 43.
Re2 Rc1 44. Kd4 {[%emt 0:00:00] Inhibits Rc3.
} e6 45. Rf2 Rg1 ({Better is
} 45... Kf6 $11) 46. Rg2 (46. Ke5 $1 $14) 46... Rf1 47. Be2 Re1 48. Rf2 e5+ (48... Kf6 $15 {is superior.}) 49. Kc3 ({Not} 49. Kxe5 $2 Bg4 50. Rf6+ Kg7 $19) (49. Ke3
$5 ) 49... Be4 50. g4 hxg4 {
[%emt 0:00:00] Black is more active.} 51. Bxg4 Rc1+ $1 52. Kd2 Rxc5 53. Ke3 Bb1 {[%emt 0:00:00] And now ...Rc3+ would win.} 54. Bd1 (54. Rd2 $1 $15) 54... Rc3+ $17 55. Kd2 {
[%emt 0:00:14] [#]} Rh3 56. Rg2+ {[%emt 0:00:32] White does
not recover from this.} (56. h5+ $17 Kg7 57. Kc1) 56... Kf6 $19 57. Rf2+ Ke7 58. Kc1 Bg6 59. Rg2 Bf7 60. Rg4 b5 61. Bc2 Kf6 62. Be4 c5 63. Bc6 b4 64. Bd7 (64. Bb5 $142 Rh2 65. h5)
64... Rh1+ 65. Kb2 Rh2+ 66.
Ka1 Bg6 {[%emt 0:01:10] ( -> ...Rh1+)} 67. a4 $2 (67. Bc6) 67... Bf7 68. Rg3 Rxh4 {
[%emt 0:00:09] Weighted Error Value: White=0.15 (very precise) /Black=0.05 
(flawless)} 0-1

[Event "44th Chess Olympiad Open 2022"]
[Site "Chennai"]
[Date "2022.08.03"]
[Round "6.37"]
[White "Stoyanov, Tsvetan"]
[Black "Dornbusch, Tatiana"]
[Result "1-0"]
[WhiteElo "2450"]
[BlackElo "2247"]
[Annotator "RC"]
[PlyCount "53"]
[EventDate "2022.??.??"]
[TimeControl "60"]

1. c4 e5 2. Nc3 Nc6 3. Nf3 Nf6 4. e4 Bc5 5. Nxe5 Nxe5 6. d4 Bb4 7. dxe5 Nxe4 8. Qf3 d5 9. Be2 O-O 10. O-O Bxc3 11. bxc3 c6 12. cxd5 cxd5 13. c4 Re8 14. Bf4 g5 15. cxd5 Qxd5 16. Bxg5 Qxe5 17. Bf4 Qg7 18. Bb5 Bg4 19. Qe3 Re7 20. Rae1 a6 21. Qa3 Qf8 22. Bd3 Rae8 23. f3 Qg7 24. fxg4 Qd4+ 25. Be3 Qc3 26. Qxc3 Nxc3 27. Bd2 1-0

[Event "44th Chess Olympiad Open 2022"]
[Site "Chennai"]
[Date "2022.08.03"]
[Round "6.37"]
[White "Bagheri, Amir"]
[Black "Petkov, Momchil"]
[Result "1/2-1/2"]
[WhiteElo "2375"]
[BlackElo "2510"]
[Annotator "TA"]
[PlyCount "168"]
[EventDate "2022.??.??"]
[TimeControl "60"]

1. d4 Nf6 2. Nf3 d5 3. Bf4 e6 4. e3 c5 5. Nbd2 Nc6 6. c3 cxd4 {[%emt 0:00:14] 6...Nh5 is setting
a new trend.} 7. exd4 {[%emt 0:05:45] D02:1 d4 d5 2 Nf3 sidelines, including 2.
..Nf6 3 g3 and 2...Nf6 3 Bf4.} (7. Nxd4 Bd6 $11) 7... Nh5 8.
Be3 Bd6 9. Ne5 {[%emt 0:03:06] The position
is equal.} Nf6 10. f4 Qb6 11. Qb3 Ng8 12. Qxb6 axb6 13. Bd3 Nge7 {[%emt 0:01:10] [#]} 14. g3 $146 ({Predecessor:} 14. O-O f6 15. Nef3 Bd7 16. Rfe1 O-O 17. g3
Na5 18. c4 dxc4 19. Nxc4 Nxc4 20. Bxc4 {1-0 (48) Ozen,D (2397)-Thybo,J (2568)
Tornelo INT 2021}) 14... f6 15. Nef3 h6 16. h4 h5 17. O-O Bd7 18. Rfe1 Kf7 19.
Re2 Nf5 20. Bf2 Nce7 21. a3 Nh6 22. Rae1 Ng4 23. Nf1 (
23. Nh2 $5 ) 23... Nf5 24. Kg2 Bf8 25. Bxf5 exf5 26. Ne3 Nxe3+ 27. Rxe3 Ba4 28. Re6 Ra6 29. Nd2 Bd7 30. R6e3 Bd6 31. Nf3 Ba4 32. Rc1 {[%emt 0:00:38]
Prevents Bc2.} Raa8 33. Ng1 Rhg8 34. Be1 Rae8 35. Rxe8 Kxe8 36. Bd2 Kd7 37. Re1 Bc2 38. Kf2 Be4 39. Ne2 Kc6 40. Nc1 Kb5 41. Be3 Ka4 42. Rg1 Rh8 43. Rd1 Rh6 44. Rd2 Kb5 45. b3 Bxa3 46. Ra2 Bd6 {[%emt 0:00:21] This bishop pair is nice.} ({Black should try} 
46... Bxc1 $15 47. Bxc1 Rh8) 47. Ra8 $11 Kc6 48. Rg8 Rh7 49. Ke2 Kd7 50. Kd2 Ke6 51.
Re8+ Kf7 52. Rd8 Ke7 $36 {
[%emt 0:00:05] Black has some pressure.} 53. Rg8 g6 54. Ne2 Bc7 55. Rc8 ({Don't go for} 55. Rxg6 $2 Kf7 56. Rg5 Rh8 $19) 55... Bd6 56.
Rg8 $1 b5 57. b4 ({Avoid
the trap} 57. Rxg6 $2 Kf7 58. Rxf6+ Kxf6 $19) (57. Nc1 $15) 57... b6 {[%emt 0:
00:20] Black is better.} 58. Ra8 {[%emt 0:00:26] [#] Strongly threatening Ra7+.
} ({Not} 58. Rxg6 $2 Kf7 59. Rxf6+ Kxf6 $19) 58... Bc7 59. Ra7 Kd7 60. Ra8 Rg7 61. Ke1 Bd3 62. Kf2 Re7 63. Rg8 {[%emt 0:01:01] [#]} Ke6 $1 64. Ng1 Bd6 65. Ra8 Rb7 66. Nf3 Bb8 67. Bd2 Kd7 68. Ne1 Be4 69. Nf3 Kc8 70. Ng1 Re7 71. Nf3 Kb7 72. Ra2 Bd6 73. Ra3 Re8 74. Ng1 Bd3 75. Ra1 Bc7 76. Kg2 Bd8 77. Re1 Be4+ 78. Kf2 Rg8 79. Nh3 Bc7 80. Ra1 Bd6 81. Be3 Re8 82. Ra3 Bd3 83. Ra1 Rc8 84. Bd2 Re8 {[%emt 0:00:06] Weighted Error Value: White=0.07 (flawless)
/Black=0.07 (flawless)} ({Black should play} 84... Rf8 $17 85. Ng1 Be4) 1/2-1/2

[Event "44th Chess Olympiad Open 2022"]
[Site "Chennai"]
[Date "2022.08.03"]
[Round "6.37"]
[White "Tashev, Aleksandar"]
[Black "Verdier, Patrice"]
[Result "1-0"]
[WhiteElo "2262"]
[BlackElo "2017"]
[Annotator "TA"]
[PlyCount "105"]
[EventDate "2022.??.??"]
[TimeControl "60"]

1. d4 Nf6 2. Nf3 c5 3. e3 e6 4. Bd3 b6 5. O-O Bb7 6. c4 Be7 7. Nc3 O-O 8. d5 exd5 9. cxd5 d6 10. e4 a6 11. a4 Re8 12. h3 Nbd7 13. Bf4 Bf8 14. Re1 {[%emt 0:
00:00] White is more active.} Ne5 {[%emt 0:03:54] E14: Queen's Indian:
Classical Variation (4 e3).} 15. Bf1 (15. Nxe5 $16 dxe5 16.
Bd2) 15... h6 (15... Nxf3+ $14 16. Qxf3 h6) 16. Nd2 {[%emt 0:
00:00] [#]} Rb8 $146 {[%emt 0:12:02] White is slightly better.} ({Predecessor:
} 16... Nfd7 17. Bg3 Qf6 18. f4 Ng6 19. Nc4 Qd4+ 20. Kh2 Qxd1 21. Raxd1 Rab8
22. e5 h5 {1-0 (47) Pushkov,N (2541)-Markarov,A (2317) St Petersburg 2001}) 17.
Bh2 g5 18. f4 gxf4 19. Bxf4 Bc8 20. Nf3 {[%emt 0:07:31]
Threatens to win with Nxe5.} Nh7 (20... Nfd7 $14) 21. Nxe5 $18 dxe5 22. Be3 Qf6 23. Bc4 Bd6 (23... Qg6 $16) 24. Qh5 Qg6 25. Qxh6 Kh8 26. Qxg6 fxg6 27. Rf1 Kg7 28. Rf3 Rf8 29. Raf1 Rxf3 30. Rxf3 Bb7 31. h4 Rf8 32. Kf2 Nf6 33. Bg5 Nd7 34. Ne2 Rxf3+ (34... Nf6 $142) 35. gxf3 ({Less strong is} 35. Kxf3 Nf6 36. Ng3 Bc7 $18) 35... Nf6 36. Ke3 Bc7 37. f4 Bd6 38. b3 Bc7 39. fxe5 Bxe5 (39... Ng4+ $142 40. Kd2 Nxe5) 40. Nf4 Bd4+ 41. Kf3 {[%emt 0:30:45] [#] Hoping for Ne6+.
White is clearly winning.} Be5 42. Ne6+ Kh7 43. Nd8 Bc8 44. Nc6 Bg4+ 45. Ke3 Bb2 46.
Bxa6 Bd1 47. Bc4 Nd7 48. Kf4 {[%emt 0:00:00] [#] Black must now prevent e5.} Bc1+ 49. Kg3 Bb2 50. d6 Be5+ 51. Bf4 (51. Nxe5 $142 Nxe5 52.
Kf4) 51... Bxf4+ 52. Kxf4 {[%emt 0:00:00] Intending e5 and
mate.} Nf8 53. Nb8 {[%emt 0:00:00] Weighted Error Value:
White=0.15 (very precise) /Black=0.38} 1-0

[Event "44th Chess Olympiad Open 2022"]
[Site "Chennai"]
[Date "2022.08.03"]
[Round "6.37"]
[White "Ribbegren, Karl Johan"]
[Black "Yordanov, Lachezar"]
[Result "0-1"]
[WhiteElo "2198"]
[BlackElo "2316"]
[Annotator "TA"]
[PlyCount "60"]
[EventDate "2022.??.??"]
[TimeControl "60"]

1. d4 Nf6 2. Nf3 e6 3. Bg5 h6 4. Bh4 d6 5. Nbd2 Nbd7 (5... g5 $5 6. Bg3 g4 $11) 6. e3 {[%emt 0:
05:32] A46:1 d4 Nf6 2 Nf3 e6: Torre, London and Colle Systems.} g5 7. Bg3 Nh5 8. Be2 {[%emt 0:00:00] The
position is equal.} Qe7 9. c3 Bg7 10. Nc4 {[%emt 0:02:02] [#]} a6 $146 (10... O-O $15) (
{Predecessor:} 10... Nxg3 11. hxg3 b6 12. Qb3 Bb7 13. a4 a6 14. Kf1 O-O 15. Qc2
f5 16. Ncd2 Nf6 {0-1 (29) Kouvatsos,A-Saltaev,M (2450) Katerini 1993}) 11. Nfd2 (11. Qc2 $11) 11... Nxg3 $15 12. hxg3 d5 13. Na5 b6 14. Nab3 c5 15. f4 c4 16. Nc1 b5 17. b3 O-O $36 {[%emt 0:03:47][%cal Ye6e5] Black has strong
initiative.} 18. e4 (18. a4 $142) 18... cxb3 19. Ncxb3 {[%emt 0:00:00] [#]} dxe4 20. Nxe4 Bb7 21. Nf2 (21. Qd3
$17) 21... Bxg2 $19 {[%emt 0:07:11] This bishop pair is nice.} 22. Rh2 Bd5 23. Ng4 Rfc8 24. Nxh6+ (24. Rc1 $17 {might
work better.}) 24... Kf8 25. Bd3 $2 {[%emt 0:06:04] [#]} (25.
Rc1 {keeps fighting.}) 25... Rxc3 26. Qd2 Qb4 27. fxg5 Bxb3 28. axb3 Qxd4 29. Rd1 $2 (29. Qf2
Qxf2+ 30. Rxf2 Bxh6 31. Bxb5 Re3+ 32. Re2 Rxe2+ 33. Kxe2) 29... Qg1+ 30. Bf1 Re3+ {[%emt 0:00:06] Weighted Error Value:
White=1.03/Black=0.18 (very precise)} 0-1